AoeStats
← Burrakomaister

Arabia

510447433Analyzed
1v1 RM · 1d ago on Oct 1, 2026· 40m 41s· 2 players
Game mode
Random Map
Map size
Tiny (2 player)
Population
200
Speed
Normal
Resources
Standard
Victory
Conquest
Starting age
Dark Age
Ending age
Imperial Age
RankedLock teamsTeams togetherTeam positionsShared explorationLock speedFull tech treeHidden civsTurbo modeCheats
Victory
Defeat
🇹🇼 Cumans · Taiwan
975
+15
🇨🇱 Franks · Chile
957
-15
Burrakomaister
7:20 Loom
9:55 Feudal Age
10:21 Double-Bit Axe
10:16 Man-at-Arms
22:23 Castle Age
22:38 Forging
24:18 Pikeman
29:50 Wheelbarrow
29:25 Gold Mining
29:27 Stone Mining
34:23 Imperial Age
34:15 Bow Saw
37:01 Halberdier
garyoling
2:06 Loom
9:42 Feudal Age
10:21 Double-Bit Axe
22:31 Castle Age
21:40 Forging
23:08 Wheelbarrow
23:56 Scale Barding Armor
24:55 Iron Casting
25:17 Bow Saw
25:33 Gold Mining
29:39 Chain Barding Armor
29:56 Horse Collar
30:38 Hand Cart
30:22 Fletching
32:18 Bloodlines
32:24 Town Watch
32:06 Pikeman
32:12 Capped Ram
33:55 Squires
35:18 Gold Shaft Mining
34:34 Stone Mining
35:02 Scale Mail Armor
43:01 Imperial Age
Connection lost

Rejoining the realm…

Still unreachable

The connection could not be restored.

Session expired

The server has moved on; the page needs a fresh start.